 Dungeon Crawl Stone Soup version 0.18-a0-1526-gcb34c7c (webtiles) character file.

142 dvd the Ruffian (level 5, -3/47 HPs)
             Began as a Ghoul Monk on Mar 8, 2016.
             Slain by a centaur (5 damage)
             ... on level 3 of the Dungeon.
             The game lasted 00:05:26 (2079 turns).

dvd the Ruffian (Ghoul Monk)                        Turns: 2079, Time: 00:05:27

Health: -3/47      AC:  6    Str: 15    XL:     5   Next: 25%
Magic:  4/4        EV: 11    Int:  5    God:
Gold:   148        SH:  0    Dex: 12    Spells: 0 memorised, 4 levels left

rFire  . . .     SeeInvis +       - Unarmed
rCold  + + .     Gourm    .     r - +0 ring mail
rNeg   + + +     Faith    .     (no shield)
rPois  ∞         Spirit   .     (no helmet)
rElec  .         Dismiss  .     q - +0 cloak
rCorr  .         Reflect  .     (no gloves)
SustAt .         Harm     .     (no boots)
MR     .....                    (no amulet)
Stlth  ++........               s - ring of see invisible
                                u - ring of protection from cold

@: rotting, not resistant to hostile enchantments, unstealthy
A: rotting body, claws 1, carnivore 3, cold resistance 1, negative energy
resistance 3, slow regeneration 1, torment resistance, unbreathing
a: no special abilities


You were on level 3 of the Dungeon.
You were not hungry.

You visited 1 branch of the dungeon, and saw 3 of its levels.

You collected 148 gold pieces.

Inventory:

Missiles
 t - 7 tomahawks (quivered)
Armour
 a - a +0 robe
 q - a +0 cloak (worn)
 r - a +0 ring mail (worn)
Jewellery
 l - a +2 ring of intelligence
 s - a ring of see invisible (right claw)
 u - a ring of protection from cold (left claw)
Scrolls
 d - 2 scrolls of teleportation {unknown}
 g - 3 scrolls of remove curse {unknown}
 h - 2 scrolls of identify {unknown}
 m - 2 scrolls of blinking {unknown}
 p - a scroll of amnesia {unknown}
Potions
 c - a potion of resistance {unknown}
 e - a potion of degeneration {unknown}
 i - a potion of lignification {unknown}
 j - a potion of mutation {unknown}
 n - 2 potions of agility {unknown}
 o - a potion of ambrosia {unknown}
Comestibles
 b - 3 meat rations
 f - a slice of pizza
 k - 2 beef jerkies


   Skills:
 + Level 4.3 Fighting
 + Level 0.3 Armour
 + Level 3.2 Dodging
 + Level 3.4 Stealth
 + Level 5.3 Unarmed Combat


You had 4 spell levels left.
You didn't know any spells.

Dungeon Overview and Level Annotations

Branches:
Dungeon (3/15)

Altars:
Cheibriados
Okawaru
The Shining One


Innate Abilities, Weirdness & Mutations

Your body is rotting away.
You thrive on raw meat.
You are immune to poison.
You have sharp fingernails.
You are carnivorous and can eat meat at any time.
Your flesh is cold resistant.
You are immune to negative energy.
You regenerate slowly when monsters are visible.
You are immune to unholy pain and torment.
You can survive without breathing.


Message History

You blink.
Eat which item? (? for menu, Esc to quit)
Okay, then.
Unknown command.
The centaur shoots an arrow of dispersal.
The arrow of dispersal hits you but does no damage.
Things that are here:
a mace; a hunting sling You start resting.
The centaur unwields an uncursed shortbow.
The centaur hits you!
* * * LOW HITPOINT WARNING * * *
The centaur hits you.
* * * LOW HITPOINT WARNING * * *
Things that are here:
a mace; a hunting sling You scratch the centaur.
The centaur is moderately wounded.
The centaur hits you.
You die...

.##.##########.##c######
......................>#
...............##.####.#
..###############.# #.# ..#
#.# #.# ..# #.# #.# ..# #.#
#.# ..# ############c#
#.######## ..#
#..........@.# #........#
..#
#.......#############.####
..# #.......#####.......#.#
..# #..........########.#.#
.## #....##.##.# #.#.# .#
#....#...#.########.#.# .#
#<....._............#.# ##
#.##.#...#.....######.#
######.##.##.##...#.######.#


You could see a centaur.

Vanquished Creatures
  Jessica (D:2)
  6 adders
  2 worms
  A giant gecko (D:3)
  8 giant cockroaches
  6 goblins
  6 hobgoblins
  6 jackals
  6 kobolds
  3 bats
  4 giant newts
  7 rats
56 creatures vanquished.

Notes
Turn   | Place    | Note
--------------------------------------------------------------
     0 | D:1      | dvd the Ghoul Monk began the quest for the Orb.
     0 | D:1      | Reached XP level 1. HP: 19/19 MP: 0/0
    77 | D:1      | Reached XP level 2. HP: 10/26 MP: 1/1
   850 | D:2      | Found an iron altar of Okawaru.
   864 | D:2      | Reached XP level 3. HP: 28/33 MP: 2/2
   957 | D:2      | Reached skill level 5 in Unarmed Combat
  1046 | D:2      | Noticed Jessica
  1059 | D:2      | Killed Jessica
  1059 | D:2      | Reached XP level 4. HP: 35/40 MP: 3/3
  1431 | D:3      | Found a snail-covered altar of Cheibriados.
  1600 | D:3      | Reached XP level 5. HP: 46/46 MP: 4/4
  1946 | D:3      | Found a glowing golden altar of the Shining One.
  2059 | D:3      | Noticed a centaur
  2078 | D:3      | HP: 2/47 [centaur (1)]
  2079 | D:3      | Slain by a centaur

Vault maps used:
D:1:      mrwooster_arrival_statue
D:2:      st_stairs_7, okawaru_trees_2, uniq_jessica
D:3:      nicolae_overflow_crystal_walls, lemuel_round_altar, bloody_trog

Skill      XL: |  1  2  3  4 |
---------------+-------------+-----
Unarmed Combat | 5 |  5.3
Fighting       | 4 |  4.3
Stealth        | 3 |  3.4
Dodging        | 3 |  3.2
Armour         | |  0.3

Action                   |  1- 3 |  4- 6 || total
-------------------------+-------+-------++-------
Melee: Unarmed           |   100 |    65 ||   165
 Stab: Sleeping          |     6 |     1 ||     7
  Eat: Chunk             |    11 |     9 ||    20
